 Dungeon Crawl Stone Soup version 0.31.0-32-g396128a36d (webtiles) character file.

Game seed: 8595836561283190553

506 cowsaismoo the Trooper (level 7, 0/46 HPs)
             Began as a Gargoyle Berserker on Mar 25, 2024.
             Was an Initiate of Gozag.
             Slain by a gnoll
             ... wielding a +0 whip
             ... led by a gnoll bouda
              (5 damage)
             ... on level 5 of the Dungeon on Mar 26, 2024.
             The game lasted 00:28:48 (3944 turns).

cowsaismoo the Trooper (Gargoyle Berserker)         Turns: 3944, Time: 00:28:48

Health: 0/46       AC:  0    Str: 22    XL:     7   Next: 18%
Magic:  7/7        EV: 19    Int:  8    God:    Gozag
Gold:   137        SH:  0    Dex: 14    Spells: 6/6 levels left

rFire   . . .        A - melded +6 dagger of Cheese {freeze, ^Fragile Fly rPois Dex-5}
rCold   . . .        (shield currently unavailable)
rNeg    + . .        f - melded +0 scale mail
rPois   ∞            (helmet currently unavailable)
rElec   .            (cloak currently unavailable)
rCorr   .            (gloves currently unavailable)
SInv    .            h - melded +1 pair of boots
Will    .....        (no amulet)
Stlth   ++           w - melded ring of protection from fire
HPRegen 0.27/turn    (ring currently unavailable)
MPRegen 0.10/turn

%: no passive effects
@: bat-form, weakened, flying, very quick
A: fast, flying, no casting, sickness immunity, AC +4, tiny, negative energy
resistance 1, (electricity resistance), torment resistance 1, petrification
resistance
a: Renounce Religion, Potion Petition, Call Merchant, Bribe Branch


You were on level 5 of the Dungeon.
You worshipped Gozag.
Gozag was aware of your devotion.
You were a bat.
You visited 1 branch of the dungeon, and saw 5 of its levels.

You collected 227 gold pieces.
You paid 90 gold pieces to Gozag.

Inventory:

Hand Weapons
 a - a +0 hand axe
 e - a +0 dagger of venom
 o - a +0 short sword of protection
 t - a +0 war axe
 A - the +6 dagger of Cheese (melded) {freeze, ^Fragile Fly rPois Dex-5}
   (You found it on level 4 of the Dungeon)

   Dex-5:     It affects your dexterity (-5).
   rPois:     It protects you from poison Fly: It grants you flight.
   ^Fragile:  It will be destroyed if unequipped.
Missiles
 k - 8 javelins
Armour
 b - a +0 animal skin
 f - a +0 scale mail (melded)
 g - a +0 ring mail
 h - a +1 pair of boots (melded)
Jewellery
 w - a ring of protection from fire (melded)
Talismans
 r - a serpent talisman
Scrolls
 c - a scroll of butterflies
 j - a scroll of amnesia {unknown}
 m - 2 scrolls of poison {unknown}
 n - 4 scrolls of teleportation
 s - a scroll of noise
 v - a scroll of immolation {unknown}
 x - a scroll of revelation {unknown}
 y - a scroll of fear {unknown}
Potions
 d - a potion of attraction
 i - a potion of resistance
 l - 2 potions of brilliance
 p - a potion of curing {unknown}
 q - 2 potions of ambrosia
 u - 3 potions of lignification {unknown}
 z - a potion of mutation {unknown}
 B - a potion of berserk rage {unknown}
 C - a potion of cancellation {unknown}
 D - a potion of might {unknown}


   Skills:
 - Level 6.0 Fighting
 - Level 5.0 Axes
 + Level 3.4 Armour
 - Level 2.0 Dodging
 - Level 2.0 Stealth


You had 6 spell levels left.
You didn't know any spells.
Your spell library was empty.

Dungeon Overview and Level Annotations

Branches:
Dungeon (5/15)             Temple (0/1) D:4

Altars:
Dithmenos
Gozag
Okawaru
Ru
Wu Jian

Shops:
D:4 :


Innate Abilities, Weirdness & Mutations

You are a bat.
You are tiny and dextrous.
You move quickly.
You are flying.
Your equipment is almost entirely melded.
You are incapable of wielding weapons or throwing items.
You cannot cast spells.
You are immune to sickness and miasma.
((Your stone body is resilient. (AC +4)))
You are immune to poison.
You resist negative energy. (rN+)
((You are resistant to electric shocks. (rElec)))
You are resistant to unholy torment.
You are immune to petrification.


Message History

You float gracefully downwards.
The +6 dagger of Cheese {freeze, ^Fragile Fly rPois Dex-5} stops glowing.
You hit the gnoll bouda but do no damage.
The gnoll bouda is moderately wounded.
The gnoll bouda gazes fiercely through you!
You feel your attacks grow feeble.
The gnoll bouda hits you with a +0 whip!
The gnoll misses you.
You are too injured to fight recklessly!
You are too injured to fight recklessly!
You are too injured to fight recklessly!
You hit the gnoll.
The gnoll is moderately wounded.
The gnoll bouda closely misses you. The gnoll closely misses you.
You hit the gnoll but do no damage.
The gnoll is moderately wounded.
The gnoll bouda barely misses you.
You hit the gnoll but do no damage.
The gnoll is moderately wounded.
The gnoll completely misses you. The gnoll bouda closely misses you.
You are too injured to fight recklessly!
You are too injured to fight recklessly!
You are too injured to fight recklessly!
You are too injured to fight recklessly!
You hit the gnoll.
The gnoll is heavily wounded.
The gnoll hits you with a +0 whip. The gnoll bouda completely misses you.
You hit the gnoll but do no damage.
The gnoll is heavily wounded.
The gnoll is no longer moving quickly.
The gnoll completely misses you.
You hit the gnoll.
The gnoll is heavily wounded.
The gnoll bouda hits you with a +0 whip!
* * * LOW HITPOINT WARNING * * *
The gnoll completely misses you.
You hit the gnoll but do no damage.
The gnoll is heavily wounded.
The gnoll bouda completely misses you. The gnoll hits you with a +0 whip.
You die...
Your body crumbles into a pile of gold.

#
..$.########.##..
#.....bg.......
#.####g###.....
#.....# ... #
#.#.### . #
#.._..# # ###.#.#
# #.....# #
###.#### #....#


You could see a gnoll bouda and a gnoll.

Vanquished Creatures
  An ice beast (D:5)
  An ogre (D:5)
  A howler monkey (D:4)
  A bombardier beetle (D:5)
  A hound (D:4)
  Jessica (D:2)
  An orc wizard (D:4)
  3 gnolls (D:5)
  4 adders
  4 dart slugs (D:2)
  3 ribbon worms
  The ghost of raetorn the Sneak, a weakling FeDe (D:5)
  7 orcs
  4 ball pythons
  9 endoplasms
  3 giant cockroaches
  11 goblins
  4 hobgoblins
  8 kobolds
  5 quokkas
  7 bats
  3 frilled lizards
  6 rats
89 creatures vanquished.

Notes
Turn   | Place    | Note
-------+----------+-------------------------------------------
     0 | D:1      | cowsaismoo the Gargoyle Berserker began the quest for the
                  | Orb.
     0 | D:1      | Reached XP level 1. HP: 14/14 MP: 1/1
   209 | D:1      | Reached XP level 2. HP: 19/19 MP: 2/2
   639 | D:1      | Reached XP level 3. HP: 24/24 MP: 3/3
   652 | D:1      | Reached skill level 4 in Fighting
   975 | D:2      | Reached ** piety under Trog
  1301 | D:2      | Reached XP level 4. HP: 29/29 MP: 4/4
  1345 | D:2      | Noticed Jessica
  1349 | D:2      | Killed Jessica
  1971 | D:3      | Reached XP level 5. HP: 33/33 MP: 5/5
  2326 | D:3      | Found a sacrificial altar of Ru.
  2328 | D:3      | Found a shadowy altar of Dithmenos.
  2333 | D:3      | Found an iron altar of Okawaru.
  2337 | D:3      | Found an ornate altar of the Wu Jian Council.
  2607 | D:4      | Reached skill level 5 in Axes
  2767 | D:4      | Found a staircase to the Ecumenical Temple.
  2811 | D:4      | Identified the +6 dagger of Cheese {freeze, ^Fragile Fly
                  | rPois Dex-5}
  2843 | D:4      | Found Calo's Book Shop.
  2955 | D:4      | Reached skill level 5 in Fighting
  2956 | D:4      | Reached XP level 6. HP: 40/40 MP: 6/6
  3540 | D:5      | Entered Level 5 of the Dungeon
  3737 | D:5      | Noticed an ice beast
  3753 | D:5      | Killed an ice beast
  3754 | D:5      | Reached skill level 6 in Fighting
  3754 | D:5      | Reached XP level 7. HP: 46/46 MP: 7/7
  3807 | D:5      | Found an opulent altar of Gozag.
  3813 | D:5      | Fell from the grace of Trog
  3813 | D:5      | Became a worshipper of Gozag Ym Sagoz the Greedy
  3870 | D:5      | Found a runed translucent door.
  3871 | D:5      | Noticed raetorn's ghost (weakling FeDe)
  3880 | D:5      | Killed raetorn's ghost
  3944 | D:5      | Slain by a gnoll

Illustrated notes

Levels and vault maps discovered:
D:1:      kilobyte_arrival_exit_the_forest, layout_rooms
D:2:      layout_rooms, minmay_indecisive_spiral, uniq_jessica
D:3:      layout_loops_ring, nicolae_overflow_macrodata_refinement,
          minmay_cupped
D:4:      nicolae_cairo_tiling, layout_basic, minmay_temple_entry_offerings,
          serial_shops, nicolae_square_shop
D:5:      layout_basic, nicolae_gozag_cash_rules_everything_around_me,
          dk_yredelemnul_ordeal, gammafunk_ghost_grave, uniq_duvessa,
          uniq_menkaure, uniq_ijyb

Skill      XL: |  1  2  3  4  5  6 |
---------------+-------------------+-----
Axes           | 3 4 5 |  5.0
Fighting       | 4 5 6 |  6.0
Armour         | 3 |  3.4
Dodging        | 2 |  2.0
Stealth        | 2 |  2.0

Action                     |  1- 3 |  4- 6 |  7- 9 || total
---------------------------+-------+-------+-------++-------
  Melee: Hand axe          |   111 |   110 |       ||   221
         Dagger            |     9 |    51 |     7 ||    67
         Punch             |     1 |     2 |       ||     3
         Short sword       |     9 |       |       ||     9
         War axe           |       |    15 |       ||    15
         Unarmed           |       |       |     8 ||     8
 Invoke: Berserk           |     3 |    11 |       ||    14
    Use: Scroll            |     3 |     3 |       ||     6
         Potion            |       |     1 |       ||     1
 Armour: Animal skin       |     6 |       |       ||     6
         Scale mail        |    84 |   108 |     7 ||   199
         Skin              |       |       |     4 ||     4
  Dodge: Dodged            |    76 |    99 |    14 ||   189
